AoeStats
← Dropkick Goose

Arabian Desert

509993941Analyzed
1v1 RM · 3d ago on Sep 29, 2026· 52m 17s· 2 players
Game mode
Random Map
Map size
Tiny (2 player)
Population
200
Speed
Normal
Resources
Standard
Victory
Conquest
Starting age
Dark Age
Ending age
Imperial Age
RankedLock teamsTeams togetherTeam positionsShared explorationLock speedFull tech treeHidden civsTurbo modeCheats
Victory
Defeat
🇯🇵 Mongols · Japan
827
+16
🇺🇸 Cumans · United States
821
-35
Dropkick Goose
4:39 Loom
13:48 Feudal Age
14:33 Double-Bit Axe
14:30 Horse Collar
20:04 Town Watch
24:18 Wheelbarrow
29:11 Castle Age
27:42 Bloodlines
27:45 Forging
27:43 Scale Barding Armor
30:34 Iron Casting
29:24 Light Cavalry
30:02 Gold Mining
30:36 Heavy Plow
31:13 Stone Mining
33:21 Gold Shaft Mining
33:42 Chain Barding Armor
37:00 Hand Cart
37:50 Fletching
38:00 Padded Archer Armor
38:52 Steppe Husbandry
39:23 Bodkin Arrow
39:44 Leather Archer Armor
40:05 Herbal Medicine
44:36 Imperial Age
43:37 Thumb Ring
44:39 Bow Saw
47:56 Plate Barding Armor
48:22 Blast Furnace
47:55 Hussar
50:14 Chemistry
49:35 Ballistics
49:13 Murder Holes
49:53 Crop Rotation
50:26 Ring Archer Armor
ybozue
11:11 Feudal Age
10:04 Loom
12:01 Double-Bit Axe
15:52 Bloodlines
15:46 Horse Collar
19:18 Gold Mining
23:49 Castle Age
22:14 Stone Mining
23:54 Wheelbarrow
24:37 Pikeman
25:19 Squires
25:44 Town Watch
26:47 Heavy Plow
28:05 Bow Saw
30:39 Stone Shaft Mining
30:31 Padded Archer Armor
31:12 Fletching
31:38 Leather Archer Armor
32:46 Bodkin Arrow
32:17 Crossbowman
34:38 Hand Cart
34:23 Town Patrol
36:49 Thumb Ring
40:47 Imperial Age
39:03 Husbandry
41:56 Conscription
40:56 Elite Mangudai
41:02 Elite Mangudai
42:13 Bracer
42:57 Forging
43:35 Scale Mail Armor
45:00 Scale Barding Armor
45:33 Iron Casting
46:55 Heavy Cavalry Archer
48:00 Parthian Tactics
50:38 Chain Mail Armor
50:44 Chain Barding Armor
51:25 Blast Furnace
49:51 Heavy Camel Rider
Connection lost

Rejoining the realm…

Still unreachable

The connection could not be restored.

Session expired

The server has moved on; the page needs a fresh start.